 Dungeon Crawl Stone Soup version 0.22-a0-135-g6f012ad (webtiles) character file.

40 Azzok the Chopper (level 3, -5/31 HPs)
             Began as a Minotaur Fighter on Feb 1, 2018.
             Slain by Natasha (7 damage)
             ... on level 2 of the Dungeon.
             The game lasted 00:02:11 (921 turns).

Azzok the Chopper (Minotaur Fighter)                 Turns: 921, Time: 00:02:12

Health: -5/31      AC:  6    Str: 26    XL:     3   Next: 30%
Magic:  2/2        EV:  7    Int:  5    God:
Gold:   32         SH:  9    Dex:  9    Spells: 2/2 levels left

rFire    . . .     SeeInvis .   a - +0 war axe
rCold    . . .     Gourm    .   c - +0 shield
rNeg     . . .     Faith    .   b - +0 scale mail
rPois    .         Spirit   .   (helmet restricted)
rElec    .         Reflect  .   (no cloak)
rCorr    .         Harm     .   (no gloves)
MR       .....                  (no boots)
Stlth    ..........             (no amulet)
HPRegen  0.10/turn              (no ring)
MPRegen  0.08/turn              (no ring)

@: mighty, slowed, very slow
A: retaliatory headbutt, horns 2
a: no special abilities


You were on level 2 of the Dungeon.
You were not hungry.

You visited 1 branch of the dungeon, and saw 2 of its levels.

You collected 32 gold pieces.

Inventory:

Hand Weapons
 a - a +0 war axe (weapon)
Armour
 b - a +0 scale mail (worn)
 c - a +0 shield (worn)
Jewellery
 m - an uncursed ring of resist corrosion {unknown}
 n - an uncursed ring of flight {unknown}
Scrolls
 e - a scroll of amnesia {unknown}
 j - 2 scrolls of enchant armour {unknown}
 o - a scroll of fear {unknown}
 p - 2 scrolls of remove curse {unknown}
 q - a scroll of teleportation {unknown}
 r - a scroll of magic mapping {unknown}
Potions
 h - 2 potions of lignification {unknown}
 i - a potion of flight {unknown}
 k - a potion of degeneration {unknown}
 l - a potion of cancellation {unknown}
Comestibles
 f - 2 rations
 g - 2 chunks of flesh


   Skills:
 - Level 3.6 Fighting
 * Level 4.6 Axes
 - Level 3.6 Armour
 - Level 3.6 Shields


You had 2 spell levels left.
You didn't know any spells.

Dungeon Overview and Level Annotations

Branches:
Dungeon (2/15)

Altars:

Annotations:
D:2 Natasha, Robin


Innate Abilities, Weirdness & Mutations

You reflexively headbutt those who attack you in melee.
You have a pair of horns on your head.


Message History

Natasha barely misses you. Natasha casts a spell at you.
You resist with significant effort.
You closely miss Natasha. Your headbutt misses Natasha.
Natasha is heavily wounded.
The white imp disappears in a puff of smoke!
Natasha stares at you and mumbles some strange words.
You feel as though you will be slow longer.
You block Natasha's attack.
Your shield and scale mail prevent you from hitting Natasha.
Your headbutt misses Natasha.
Natasha is heavily wounded.
Natasha mumbles some strange words.
Natasha claws you.
* * * LOW HITPOINT WARNING * * *
You hit Natasha.
Natasha is almost dead.
Your shield prevents you from hitting the crimson imp.
Natasha claws you!
You die...

▒▒ ▒▒ ▒· · ▒·· ▒·
·▒▒▒· ▒·▒ ▒· ···· ··[
▒· ··▒··· ▒·▒ ▒·
······▒▒▒▒▒▒▒▒ ▒·▒ ▒·
▒Kgh5)····▒▒▒·▒▒▒▒▒▒·
·▒@▒▒▒···▒▒········
▒▒)·)······▒▒▒▒▒▒·
▒··▒▒···▒··▒ ▒·
▒▒·▒▒▒·····▒ ▒·
▒·<··▒▒▒··▒ ▒· ▒▒▒▒▒
▒··▒ ▒· ▒··▒ ▒· ▒<·▒
▒· ▒··▒ ▒·


You could see Robin, Natasha, a crimson imp and a kobold.

Vanquished Creatures
  4 bats
  A giant cockroach (D:1)
  12 goblins
  11 hobgoblins
  A quokka (D:2)
  2 frilled lizards (D:1)
  4 rats (D:1)
35 creatures vanquished.

Notes
Turn   | Place    | Note
-------+----------+-------------------------------------------
     0 | D:1      | Azzok the Minotaur Fighter began the quest for the Orb.
     0 | D:1      | Reached XP level 1. HP: 19/19 MP: 0/0
    99 | D:1      | Reached skill level 3 in Axes
   237 | D:1      | Reached XP level 2. HP: 26/26 MP: 1/1
   783 | D:1      | Reached skill level 4 in Axes
   897 | D:2      | Noticed Robin
   899 | D:2      | Reached XP level 3. HP: 31/31 MP: 2/2
   907 | D:2      | Noticed Natasha
   920 | D:2      | HP: 1/31 [Natasha (3)]
   921 | D:2      | Slain by Natasha

Vault maps used:
D:1:      onia_arrival_mini_maze
D:2:      nicolae_overflow_hidden_temple, corexii_hall_statues_s, uniq_robin,
          uniq_terence, uniq_natasha

Skill      XL: |  1  2 |
---------------+-------+-----
Axes           | 3 4 |  4.6
Fighting       | |  3.6
Armour         | |  3.6
Shields        | |  3.6

Action                   || total
-------------------------++-------
Melee: War axe           ||    67
       Headbutt          ||     8
  Use: Potion            ||     1
Armor: Scale mail        ||    30
Dodge: Dodged            ||    23
Block: Shield            ||    30

Table legend:
 A = Spawn XP
 B = Non-spawn XP
 C = Spawn XP percentage of total XP
 D = Spawn monster count
 E = Non-spawn monster count
 F = Spawn count percentage of total count
 G = Total turns spent on level
                    A         B        C        D         E        F      G
               +---------+---------+-------+---------+---------+-------+---------
         Total |       0 |      58 |   0.0 |       0 |      35 |   0.0 |   921
               +---------+---------+-------+---------+---------+-------+---------
           D:1 |       0 |      33 |   0.0 |       0 |      21 |   0.0 |   846
           D:2 |       0 |      25 |   0.0 |       0 |      14 |   0.0 |    75
               +---------+---------+-------+---------+---------+-------+---------
